 Dungeon Crawl Stone Soup version 0.26-a0-812-g31a745ddcd (webtiles) character file.

Game seed: 2178761582702458269

432 Dracia the Conjurer (level 6, -9/45 HPs)
             Began as a Draconian Conjurer on Dec 7, 2020.
             Mangled by an orc warrior
             ... wielding a +0 dire flail
              (10 damage)
             ... on level 4 of the Dungeon.
             The game lasted 00:04:53 (5428 turns).

Dracia the Conjurer (Draconian Conjurer)            Turns: 5428, Time: 00:04:54

Health: -9/45      AC:  8    Str:  9    XL:     6   Next: 67%
Magic:  0/13       EV: 12    Int: 20    God:
Gold:   263        SH:  0    Dex: 10    Spells: 8/14 levels left

rFire    . . .     SeeInvis .   w - +0 quarterstaff
rCold    . . .     Faith    .   (shield currently unavailable)
rNeg     . . .     Spirit   +   (armour unavailable)
rPois    .         Reflect  .   (helmet restricted)
rElec    .         Harm     .   k - +0 cloak
rCorr    +         Rampage  .   s - +0 pair of gloves
MR       .....                  (no boots)
Stlth    ++........             G - amulet of guardian spirit
HPRegen  0.15/turn              R - ring of resist corrosion
MPRegen  0.13/turn              (no ring)

@: no status effects
A: unfitting armour, cold-blooded, AC +6
a: no special abilities


You were on level 4 of the Dungeon.
You visited 1 branch of the dungeon, and saw 5 of its levels.

You collected 263 gold pieces.


Innate Abilities, Weirdness & Mutations

Your plain brown scales are hard. (AC +6)
You cannot fit into any form of body armour.
You are cold-blooded and may be slowed by cold attacks.


   Skills:
 - Level 1.7 Dodging
 - Level 1.7 Stealth
 + Level 4.9 Spellcasting
 + Level 6.3 Conjurations


You had 8 spell levels left.
You knew the following spells:

 Your Spells              Type           Power        Failure   Level
d - Dazzling Flash        Conj/Hex       ###...       10%         3
s - Searing Ray           Conj           ####..       1%          2
z - Magic Dart            Conj           ####         1%          1

Your spell library contained the following spells:

 Spells                   Type           Power        Failure   Level
 Fulminant Prism          Conj/Hex       ###.......   32%         4
 Iskenderun's Mystic Bla  Conj/Tloc      ###.....     32%         4

Inventory:

Hand Weapons
 b - a +0 dagger
 w - a +0 quarterstaff (weapon)
Missiles
 e - 42 poisoned darts (quivered)
 h - 3 curare-tipped darts {=f=f}
 m - 4 datura-tipped darts
Armour
 k - a +0 cloak (worn)
 s - a +0 pair of gloves (worn)
Jewellery
 G - an amulet of guardian spirit (around neck)
 R - a ring of resist corrosion (left hand)
Scrolls
 c - 4 scrolls of identify {unknown}
 g - a scroll of teleportation {unknown}
 i - 3 scrolls of enchant weapon {unknown}
 j - a scroll of random uselessness {unknown}
 l - 2 scrolls of remove curse {unknown}
 q - a scroll of blinking {unknown}
 u - a scroll of amnesia {unknown}
 v - a scroll of magic mapping {unknown}
Potions
 a - 5 potions of curing {unknown}
 d - a potion of ambrosia {unknown}
 f - a potion of degeneration {unknown}
 n - a potion of haste {unknown}
 o - a potion of flight {unknown}
 p - 3 potions of mutation {unknown}
 r - a potion of brilliance {unknown}
 t - 2 potions of heal wounds {unknown}

Dungeon Overview and Level Annotations

Branches:
Dungeon (5/15)
 Temple: D:4-7

Altars:
Dithmenos
Fedhas
Ru

#.# ####.#.########..#
#.####...###..........#
#......##.#.#########.#
#..........## #.#
############ #.# #.# ##
#.# .#
###############.# .#
#......@o.......# .#
#.###############
.#########.#
...........#
############


You could see an orc warrior.


Message History

Unknown command.
There is a stone staircase leading up here.
The orc warrior closely misses you.
You climb upwards.
There is a stone staircase leading down here.
The orc warrior completely misses you.
Casting: Searing Ray (safe; 1% risk of failure)
Confirm with . or Enter, or press ? or * to list all spells.
Aiming: Searing Ray (safe; 1% risk of failure)
Press: ? - help, Shift-Dir - straight line, f - orc warrior
Aim: an orc warrior, wielding a +0 dire flail and wearing a +2 plate armour of cold resistance (moderately wounded)
The searing ray hits the orc warrior!
The orc warrior is heavily wounded. (Press . to maintain the ray.)
The searing ray hits the orc warrior.
The orc warrior is severely wounded.
The orc warrior hits you with a +0 dire flail!
The searing ray hits the orc warrior.
The orc warrior is severely wounded.
The orc warrior hits you with a +0 dire flail!
The searing ray hits the orc warrior.
The orc warrior is severely wounded.
You finish channeling your searing ray.
The orc warrior hits you with a +0 dire flail!
* * * LOW HITPOINT WARNING * * *
The orc warrior hits you with a +0 dire flail!!
* * * LOW HITPOINT WARNING * * *
The orc warrior barely misses you.
The orc warrior hits you with a +0 dire flail!
You die...

Skill      XL: |  1  2  3  4  5  6 |
---------------+-------------------+-----
Spellcasting   | 3 4 |  4.9
Conjurations   | 5 6 |  6.3
Dodging        | |  1.7
Stealth        | |  1.7

Action                   |  1- 3 |  4- 6 || total
-------------------------+-------+-------++-------
Melee: Dagger            |     2 |    24 ||    26
       Tailslap          |       |     5 ||     5
 Cast: Magic Dart        |    48 |   137 ||   185
       Searing Ray       |     1 |    10 ||    11
Armor: Skin              |     3 |    18 ||    21
Dodge: Dodged            |    12 |    24 ||    36

Levels and vault maps discovered:
D:1:      dpeg_arrival_renting, layout_basic
D:2:      layout_loops_corners
D:3:      layout_basic, nicolae_dithmenos_through_a_glass_darkly,
          nicolae_overflow_crystal_walls
D:4:      layout_loops_ring, marbit_many_paths
D:5:      layout_loops_ring, old_standard_altar, kennysheep_mini_moat,
          gammafunk_temple_overflow_elements, goddamned_bats, uniq_grinder,
          uniq_ijyb

Notes
Turn   | Place    | Note
-------+----------+-------------------------------------------
     0 | D:1      | Dracia the Draconian Conjurer began the quest for the Orb.
     0 | D:1      | Reached XP level 1. HP: 14/14 MP: 3/3
   365 | D:1      | Reached XP level 2. HP: 20/20 MP: 3/5
   369 | D:1      | Learned a level 2 spell: Searing Ray
  1075 | D:2      | Reached XP level 3. HP: 26/26 MP: 2/7
  1510 | D:2      | Reached skill level 3 in Spellcasting
  1644 | D:2      | Reached XP level 4. HP: 33/33 MP: 4/8
  1646 | D:2      | Reached skill level 5 in Conjurations
  2634 | D:3      | Learned a level 3 spell: Dazzling Flash
  2708 | D:3      | Reached XP level 5. HP: 19/38 MP: 1/10
  2867 | D:3      | Found a blossoming altar of Fedhas.
  3274 | D:3      | Reached skill level 4 in Spellcasting
  3577 | D:3      | Found a shadowy altar of Dithmenos.
  4267 | D:4      | Reached XP level 6. HP: 45/45 MP: 8/12
  4401 | D:4      | Reached skill level 6 in Conjurations
  5146 | D:4      | Found a sacrificial altar of Ru.
  5291 | D:5      | Entered Level 5 of the Dungeon
  5312 | D:5      | Noticed an orc warrior
  5426 | D:4      | HP: 1/45 [orc warrior/+0 dire flail (17)]
  5428 | D:4      | Mangled by an orc warrior

Vanquished Creatures
  A jelly (D:4)
  4 orc priests
  2 hounds (D:4)
  2 orc wizards
  7 adders
  2 oozes
  2 worms (D:3)
  2 dart slugs (D:3)
  A leopard gecko (D:4)
  8 orcs
  2 ball pythons
  5 bats
  6 giant cockroaches
  4 goblins
  5 hobgoblins
  16 jackals
  2 quokkas (D:3)
  5 frilled lizards
  9 kobolds
  A quokka skeleton (D:4)
  5 rats
91 creatures vanquished.

Table legend: (Time is in decaauts)
 A = Elapsed time spent in this place.
 B = Non-inter-level travel time spent in this place.
 C = Inter-level travel time spent in this place.
 D = Time resting spent in this place.
 E = Time spent auto-exploring this place.
 F = Levels seen in this place.
 G = Mean time per level.
                   A        B        C        D        E       F      G
               +--------+--------+--------+--------+--------+-----+--------+
         Total |   5429 |   5166 |    263 |    186 |   4434 |   5 | 1085.8 |
       Dungeon |   5429 |   5166 |    263 |    186 |   4434 |   5 | 1085.8 |
               +--------+--------+--------+--------+--------+-----+--------+

Top non-repeatable levels by time:
     D:3: 1671 daAuts
     D:2: 1469 daAuts
     D:4: 1177 daAuts
     D:1: 1053 daAuts
     D:5: 56 daAuts

Table legend:
 A = Non-vault XP
 B = Vault XP
 C = Vault XP percentage of total XP
 D = Non-vault monster count
 E = Vault monster count
 F = Vault count percentage of total count
                 A         B        C        D         E       F
            +---------+---------+-------+---------+---------+-------
      Total |     618 |       0 |   0.0 |      91 |       0 |   0.0
            +---------+---------+-------+---------+---------+-------
        D:1 |      29 |       0 |   0.0 |      14 |       0 |   0.0
        D:2 |     192 |       0 |   0.0 |      35 |       0 |   0.0
        D:3 |     112 |       0 |   0.0 |      29 |       0 |   0.0
        D:4 |     204 |       0 |   0.0 |      11 |       0 |   0.0
        D:5 |      81 |       0 |   0.0 |       2 |       0 |   0.0
            +---------+---------+-------+---------+---------+-------
